3452 views
Uploaded 2020-04-09 18:15:08
Game version 1.32.3
52:27 long 3on3 ladder game on (8)Battleground_LV
Saved by BEARAND
3452 views
Uploaded 2020-04-09 18:15:08
Game version 1.32.3
52:27 long 3on3 ladder game on (8)Battleground_LV


104 units @ 11.4k
/ 0.8k
580 buildings @ 27.2k
/ 15.3k



| Rod of Necromancy | 1 | 150 |
| Orb of Corruption | 3 | 1125 |
| Staff of Teleportation | 3 | 450 |
| Potion of Invisibility | 1 | 100 |
| Periapt of Vitality | 4 | 1300 |
| Staff of Sanctuary | 3 | 750 |
| total: | 15 | 3875g |
| Acolyte | 23 | 1725 | / | 0 |
| Ghoul | 12 | 1440 | / | 0 |
| Obsidian Statue | 2 | 400 | / | 70 |
| Meat Wagon | 7 | 1610 | / | 350 |
| total: | 44 | 5175g | / | 420w |
| Nerubian Tower | 2 | 200 | / | 40 |
| Crypt | 1 | 200 | / | 50 |
| Altar of Darkness | 2 | 360 | / | 100 |
| Ziggurat | 16 | 2400 | / | 800 |
| Tomb of Relics | 5 | 650 | / | 150 |
| Graveyard | 3 | 645 | / | 0 |
| Necropolis | 2 | 450 | / | 0 |
| Slaughterhouse | 7 | 980 | / | 945 |
| Sacrificial Pit | 3 | 225 | / | 450 |
| Temple of the Damned | 1 | 155 | / | 140 |
| Boneyard | 1 | 175 | / | 200 |
| Halls of the Dead | 2 | 640 | / | 420 |
| Black Citadel | 2 | 650 | / | 460 |
| total: | 41 | 6240g | / | 2835w |
| 0:00 | Acolyte |
| 0:04 | Crypt |
| 0:11 | Altar of Darkness |
| 0:13 | Acolyte |
| 0:32 | Ziggurat |
| 0:53 | Tomb of Relics |
| 1:07 | Ghoul |
| 1:22 | Ghoul |
| 1:26 | Ziggurat |
| 1:29 | Ziggurat |
| 1:47 | Ghoul |
| 1:47 | Ghoul |
| 1:47 | Ghoul |
| 2:03 | Ghoul |
| 2:23 | Rod of Necromancy |
| 2:24 | Death Coil |
| 2:36 | Ghoul |
| 2:44 | Ghoul |
| 2:48 | Acolyte |
| 3:11 | Acolyte |
| 3:11 | Acolyte |
| 3:12 | Acolyte |
| 4:18 | Unholy Aura |
| 4:20 | Acolyte |
| 4:20 | Acolyte |
| 4:22 | Acolyte |
| 4:25 | Acolyte |
| 4:46 | Halls of the Dead |
| 5:17 | Nerubian Tower |
| 5:24 | Ziggurat |
| 5:26 | Ziggurat |
| 5:55 | Ziggurat |
| 6:03 | Staff of Teleportation |
| 6:29 | Death Coil |
| 7:23 | Ghoul |
| 7:23 | Ghoul |
| 8:05 | Black Citadel |
| 8:08 | Ghoul |
| 8:08 | Ghoul |
| 8:22 | Graveyard |
| 8:28 | Frost Nova |
| 8:43 | Staff of Teleportation |
| 8:47 | Potion of Invisibility |
| 10:27 | Orb of Corruption |
| 10:35 | Tomb of Relics |
| 10:36 | Tomb of Relics |
| 10:40 | Tomb of Relics |
| 10:45 | Tomb of Relics |
| 10:46 | Slaughterhouse |
| 11:15 | Rain of Fire |
| 12:27 | Obsidian Statue |
| 12:35 | Staff of Sanctuary |
| 12:38 | Staff of Sanctuary |
| 13:02 | Orb of Corruption |
| 13:06 | Orb of Corruption |
| 14:36 | Ghoul Frenzy |
| 16:37 | Obsidian Statue |
| 17:28 | Staff of Teleportation |
| 17:35 | Periapt of Vitality |
| 18:12 | Necropolis |
| 18:15 | Necropolis |
| 18:41 | Staff of Sanctuary |
| 21:07 | Sacrificial Pit |
| 21:33 | Unholy Aura |
| 21:45 | Frost Armor |
| 24:28 | Ziggurat |
| 24:42 | Ziggurat |
| 24:45 | Cleaving Attack |
| 25:25 | Altar of Darkness |
| 25:35 | Ziggurat |
| 28:18 | Acolyte |
| 28:18 | Acolyte |
| 28:18 | Acolyte |
| 28:18 | Acolyte |
| 29:16 | Acolyte |
| 29:16 | Acolyte |
| 29:39 | Nerubian Tower |
| 31:54 | Frost Nova |
| 32:11 | Ziggurat |
| 32:54 | Periapt of Vitality |
| 33:23 | Acolyte |
| 33:23 | Acolyte |
| 33:24 | Acolyte |
| 34:04 | Rain of Fire |
| 35:32 | Acolyte |
| 35:42 | Halls of the Dead |
| 38:11 | Sacrificial Pit |
| 38:13 | Sacrificial Pit |
| 41:05 | Death Coil |
| 41:39 | Acolyte |
| 41:40 | Acolyte |
| 42:01 | Periapt of Vitality |
| 42:17 | Acolyte |
| 42:23 | Periapt of Vitality |
| 42:59 | Graveyard |
| 43:09 | Black Citadel |
| 44:41 | Frost Armor |
| 45:04 | Cleaving Attack |
| 46:22 | Slaughterhouse |
| 46:24 | Slaughterhouse |
| 46:26 | Slaughterhouse |
| 46:31 | Slaughterhouse |
| 46:32 | Slaughterhouse |
| 46:33 | Ziggurat |
| 46:34 | Ziggurat |
| 46:42 | Temple of the Damned |
| 46:46 | Slaughterhouse |
| 47:33 | Meat Wagon |
| 47:36 | Meat Wagon |
| 47:38 | Meat Wagon |
| 47:42 | Meat Wagon |
| 47:45 | Ziggurat |
| 47:46 | Ziggurat |
| 47:46 | Ziggurat |
| 47:47 | Ziggurat |
| 47:57 | Meat Wagon |
| 48:38 | Meat Wagon |
| 48:39 | Meat Wagon |
| 49:38 | Graveyard |
| 49:54 | Boneyard |
| 52:27 | Unholy Aura |
| Right click | 2927 |
| Select | 1562 |
| Select group | 785 |
| Assign group | 345 |
| Resource trade | 218 |
| Build/train/purchase | 186 |
| Use ability | 172 |
| Misc. action | 131 |
| Chat | 92 |
| Minimap ping | 27 |
| Item give/drop | 8 |
| Remove unit | 6 |



| Scroll of Regeneration | 2 | 200 |
| Staff of Sanctuary | 3 | 750 |
| Potion of Mana | 1 | 200 |
| Scroll of Town Portal | 2 | 700 |
| Staff of Teleportation | 3 | 450 |
| Boots of Speed | 3 | 750 |
| Periapt of Vitality | 1 | 325 |
| Circlet of Nobility | 1 | 175 |
| Orb of Corruption | 2 | 750 |
| total: | 18 | 4300g |
| Peasant | 21 | 1575 | / | 0 |
| Priest | 1 | 135 | / | 10 |
| Dragonhawk Rider | 11 | 2200 | / | 330 |
| total: | 33 | 3910g | / | 340w |
| Scout Tower | 148 | 4440 | / | 2960 |
| Arcane Tower | 5 | 350 | / | 250 |
| Guard Tower | 85 | 5950 | / | 4250 |
| Altar of Kings | 3 | 540 | / | 150 |
| Farm | 14 | 1120 | / | 280 |
| Lumber Mill | 2 | 240 | / | 0 |
| Arcane Vault | 2 | 260 | / | 60 |
| Town Hall | 1 | 385 | / | 205 |
| Blacksmith | 1 | 140 | / | 60 |
| Barracks | 1 | 160 | / | 60 |
| Arcane Sanctum | 1 | 150 | / | 140 |
| Gryphon Aviary | 4 | 560 | / | 600 |
| Keep | 1 | 320 | / | 210 |
| Castle | 1 | 360 | / | 210 |
| total: | 177 | 7995g | / | 4515w |
| 0:02 | Peasant |
| 0:02 | Peasant |
| 0:11 | Altar of Kings |
| 0:19 | Farm |
| 0:29 | Peasant |
| 0:30 | Peasant |
| 0:56 | Lumber Mill |
| 0:58 | Scout Tower |
| 0:58 | Peasant |
| 1:10 | Scout Tower |
| 1:12 | Peasant |
| 1:23 | Farm |
| 1:34 | Peasant |
| 1:34 | Peasant |
| 1:43 | Arcane Tower |
| 1:47 | Scout Tower |
| 1:51 | Peasant |
| 1:52 | Peasant |
| 2:00 | Scout Tower |
| 2:05 | Scout Tower |
| 2:17 | Blizzard |
| 2:29 | Guard Tower |
| 2:30 | Scout Tower |
| 2:43 | Guard Tower |
| 2:47 | Peasant |
| 2:47 | Peasant |
| 2:47 | Peasant |
| 2:51 | Guard Tower |
| 2:52 | Scout Tower |
| 3:09 | Guard Tower |
| 3:11 | Scout Tower |
| 3:11 | Scout Tower |
| 3:30 | Guard Tower |
| 3:30 | Scout Tower |
| 3:31 | Scout Tower |
| 3:32 | Brilliance Aura |
| 3:38 | Keep |
| 3:40 | Improved Masonry |
| 3:41 | Guard Tower |
| 4:01 | Staff of Teleportation |
| 4:20 | Boots of Speed |
| 4:26 | Arcane Vault |
| 4:27 | Arcane Tower |
| 4:27 | Guard Tower |
| 4:29 | Scout Tower |
| 4:38 | Arcane Tower |
| 4:42 | Scout Tower |
| 4:43 | Scout Tower |
| 4:44 | Scout Tower |
| 4:45 | Scout Tower |
| 5:22 | Scout Tower |
| 5:22 | Scout Tower |
| 5:23 | Scout Tower |
| 5:23 | Scout Tower |
| 5:38 | Town Hall |
| 5:41 | Scout Tower |
| 5:43 | Scout Tower |
| 5:44 | Scout Tower |
| 5:45 | Scout Tower |
| 5:56 | Scout Tower |
| 6:06 | Blizzard |
| 6:30 | Guard Tower |
| 6:30 | Guard Tower |
| 6:34 | Guard Tower |
| 6:35 | Arcane Tower |
| 6:36 | Scout Tower |
| 6:37 | Guard Tower |
| 6:40 | Farm |
| 6:46 | Farm |
| 6:54 | Scroll of Regeneration |
| 6:57 | Guard Tower |
| 6:58 | Guard Tower |
| 7:24 | Arcane Sanctum |
| 7:27 | Improved Lumber Harvesting |
| 7:27 | Advanced Masonry |
| 7:59 | Guard Tower |
| 8:00 | Guard Tower |
| 8:02 | Peasant |
| 8:02 | Peasant |
| 8:03 | Peasant |
| 8:10 | Scroll of Regeneration |
| 8:12 | Castle |
| 8:45 | Guard Tower |
| 8:46 | Scout Tower |
| 8:49 | Magic Sentry |
| 8:49 | Priest |
| 9:46 | Storm Bolt |
| 10:26 | Guard Tower |
| 10:29 | Arcane Vault |
| 10:29 | Scout Tower |
| 10:30 | Scout Tower |
| 10:30 | Scout Tower |
| 10:31 | Scout Tower |
| 10:32 | Scout Tower |
| 10:32 | Scout Tower |
| 10:33 | Scout Tower |
| 10:33 | Scout Tower |
| 10:35 | Imbued Masonry |
| 10:40 | Priest Adept Training |
| 10:44 | Scout Tower |
| 10:45 | Scout Tower |
| 10:46 | Scout Tower |
| 10:47 | Scout Tower |
| 10:49 | Scout Tower |
| 10:49 | Scout Tower |
| 10:54 | Boots of Speed |
| 10:54 | Staff of Teleportation |
| 11:10 | Scout Tower |
| 11:10 | Scout Tower |
| 11:11 | Scout Tower |
| 11:11 | Scout Tower |
| 11:12 | Scout Tower |
| 11:13 | Scout Tower |
| 11:13 | Scout Tower |
| 11:14 | Scout Tower |
| 11:22 | Peasant |
| 11:22 | Peasant |
| 11:22 | Peasant |
| 11:33 | Holy Light |
| 11:35 | Staff of Sanctuary |
| 12:02 | Boots of Speed |
| 12:07 | Guard Tower |
| 12:10 | Scout Tower |
| 12:11 | Scout Tower |
| 12:13 | Scout Tower |
| 12:13 | Scout Tower |
| 12:14 | Scout Tower |
| 12:14 | Scout Tower |
| 12:15 | Scout Tower |
| 12:15 | Scout Tower |
| 12:16 | Scout Tower |
| 12:16 | Scout Tower |
| 12:21 | Advanced Lumber Harvesting |
| 12:22 | Gryphon Aviary |
| 12:23 | Gryphon Aviary |
| 12:24 | Blacksmith |
| 12:25 | Barracks |
| 12:26 | Guard Tower |
| 12:27 | Guard Tower |
| 12:29 | Guard Tower |
| 12:32 | Guard Tower |
| 12:32 | Guard Tower |
| 12:35 | Staff of Sanctuary |
| 12:59 | Guard Tower |
| 13:14 | Guard Tower |
| 13:16 | Guard Tower |
| 13:30 | Guard Tower |
| 13:33 | Guard Tower |
| 13:36 | Farm |
| 13:44 | Periapt of Vitality |
| 13:46 | Staff of Teleportation |
| 13:50 | Circlet of Nobility |
| 13:55 | Dragonhawk Rider |
| 13:58 | Scout Tower |
| 13:59 | Scout Tower |
| 14:15 | Scout Tower |
| 14:16 | Scout Tower |
| 14:17 | Scout Tower |
| 14:17 | Scout Tower |
| 14:17 | Scout Tower |
| 14:17 | Scout Tower |
| 14:28 | Dragonhawk Rider |
| 14:31 | Guard Tower |
| 14:33 | Iron Forged Swords |
| 14:33 | Studded Leather Armor |
| 14:41 | Staff of Sanctuary |
| 15:19 | Guard Tower |
| 15:22 | Orb of Corruption |
| 15:28 | Orb of Corruption |
| 15:32 | Dragonhawk Rider |
| 15:33 | Dragonhawk Rider |
| 15:34 | Guard Tower |
| 15:40 | Guard Tower |
| 16:17 | Dragonhawk Rider |
| 16:17 | Dragonhawk Rider |
| 16:25 | Guard Tower |
| 16:27 | Scout Tower |
| 16:28 | Scout Tower |
| 16:40 | Brilliance Aura |
| 16:43 | Scout Tower |
| 16:43 | Scout Tower |
| 16:44 | Scout Tower |
| 16:54 | Guard Tower |
| 16:55 | Scout Tower |
| 16:55 | Scout Tower |
| 16:56 | Scout Tower |
| 17:05 | Animal War Training |
| 17:34 | Guard Tower |
| 17:39 | Reinforced Leather Armor |
| 17:46 | Guard Tower |
| 17:52 | Cloud |
| 17:55 | Scout Tower |
| 17:56 | Scout Tower |
| 17:56 | Scout Tower |
| 17:56 | Scout Tower |
| 18:11 | Guard Tower |
| 18:16 | Scout Tower |
| 18:16 | Scout Tower |
| 18:17 | Scout Tower |
| 18:17 | Scout Tower |
| 18:17 | Scout Tower |
| 18:18 | Scout Tower |
| 19:17 | Guard Tower |
| 19:36 | Guard Tower |
| 19:39 | Guard Tower |
| 19:40 | Arcane Tower |
| 19:42 | Scout Tower |
| 19:43 | Scout Tower |
| 19:43 | Scout Tower |
| 19:43 | Scout Tower |
| 19:44 | Scout Tower |
| 19:53 | Scout Tower |
| 19:53 | Scout Tower |
| 19:54 | Scout Tower |
| 19:55 | Scout Tower |
| 19:55 | Scout Tower |
| 19:55 | Scout Tower |
| 19:56 | Scout Tower |
| 19:56 | Scout Tower |
| 19:57 | Scout Tower |
| 19:57 | Scout Tower |
| 19:58 | Scout Tower |
| 20:15 | Guard Tower |
| 20:26 | Guard Tower |
| 20:27 | Scout Tower |
| 20:27 | Scout Tower |
| 20:28 | Scout Tower |
| 20:28 | Scout Tower |
| 21:01 | Dragonhide Armor |
| 21:03 | Scout Tower |
| 21:03 | Scout Tower |
| 21:04 | Guard Tower |
| 21:06 | Scout Tower |
| 21:06 | Scout Tower |
| 21:07 | Scout Tower |
| 22:39 | Guard Tower |
| 22:42 | Farm |
| 22:42 | Farm |
| 23:05 | Scout Tower |
| 23:05 | Scout Tower |
| 23:06 | Scout Tower |
| 23:06 | Scout Tower |
| 23:06 | Scout Tower |
| 23:09 | Scout Tower |
| 23:10 | Scout Tower |
| 23:10 | Scout Tower |
| 23:21 | Potion of Mana |
| 24:26 | Dragonhawk Rider |
| 24:26 | Dragonhawk Rider |
| 24:29 | Dragonhawk Rider |
| 24:56 | Guard Tower |
| 24:58 | Guard Tower |
| 26:22 | Bash |
| 26:28 | Storm Bolt |
| 28:00 | Guard Tower |
| 28:01 | Guard Tower |
| 28:14 | Guard Tower |
| 29:01 | Scout Tower |
| 29:01 | Scout Tower |
| 29:02 | Scout Tower |
| 29:02 | Scout Tower |
| 29:05 | Scout Tower |
| 29:06 | Scout Tower |
| 29:06 | Scout Tower |
| 29:07 | Scout Tower |
| 29:07 | Scout Tower |
| 29:08 | Scout Tower |
| 29:09 | Scout Tower |
| 29:33 | Steel Forged Swords |
| 29:57 | Peasant |
| 29:58 | Peasant |
| 29:59 | Dragonhawk Rider |
| 30:13 | Divine Shield |
| 30:26 | Guard Tower |
| 31:23 | Scroll of Town Portal |
| 31:48 | Mithril Forged Swords |
| 32:20 | Guard Tower |
| 32:45 | Scout Tower |
| 32:46 | Scout Tower |
| 32:46 | Scout Tower |
| 32:47 | Scout Tower |
| 32:47 | Scout Tower |
| 32:47 | Scout Tower |
| 32:49 | Scout Tower |
| 32:50 | Scout Tower |
| 32:50 | Scout Tower |
| 32:50 | Scout Tower |
| 32:51 | Scout Tower |
| 33:28 | Guard Tower |
| 33:37 | Guard Tower |
| 33:37 | Guard Tower |
| 33:38 | Guard Tower |
| 34:15 | Guard Tower |
| 34:16 | Guard Tower |
| 34:30 | Guard Tower |
| 34:33 | Guard Tower |
| 35:06 | Guard Tower |
| 35:18 | Guard Tower |
| 35:27 | Guard Tower |
| 35:42 | Scout Tower |
| 35:43 | Scout Tower |
| 35:43 | Scout Tower |
| 35:43 | Scout Tower |
| 35:44 | Scout Tower |
| 35:45 | Scout Tower |
| 35:46 | Scout Tower |
| 35:46 | Scout Tower |
| 36:19 | Dragonhawk Rider |
| 37:50 | Gryphon Aviary |
| 37:51 | Altar of Kings |
| 37:54 | Altar of Kings |
| 37:55 | Gryphon Aviary |
| 37:56 | Farm |
| 37:56 | Farm |
| 37:57 | Farm |
| 37:57 | Farm |
| 38:25 | Guard Tower |
| 38:37 | Lumber Mill |
| 38:57 | Farm |
| 39:03 | Farm |
| 39:04 | Farm |
| 40:40 | Scroll of Town Portal |
| 41:31 | Holy Light |
| 43:00 | Bash |
| 43:32 | Brilliance Aura |
| 44:16 | Divine Shield |
| Right click | 4874 |
| Select group | 1185 |
| Select | 954 |
| Build/train/purchase | 377 |
| Chat | 358 |
| Use ability | 251 |
| Assign group | 29 |
| Misc. action | 22 |
| Minimap ping | 19 |
| Resource trade | 12 |
| Item give/drop | 4 |



| Lesser Clarity Potion | 1 | 70 |
| Staff of Sanctuary | 3 | 750 |
| Potion of Healing | 1 | 150 |
| Scroll of Regeneration | 1 | 100 |
| Boots of Speed | 3 | 750 |
| Staff of Teleportation | 3 | 450 |
| Circlet of Nobility | 2 | 350 |
| Periapt of Vitality | 1 | 325 |
| Orb of Corruption | 3 | 1125 |
| total: | 18 | 4070g |
| Peasant | 25 | 1875 | / | 0 |
| Dragonhawk Rider | 2 | 400 | / | 60 |
| total: | 27 | 2275g | / | 60w |
| Scout Tower | 344 | 10320 | / | 6880 |
| Arcane Tower | 9 | 630 | / | 450 |
| Guard Tower | 131 | 9170 | / | 6550 |
| Altar of Kings | 1 | 180 | / | 50 |
| Farm | 5 | 400 | / | 100 |
| Lumber Mill | 3 | 360 | / | 0 |
| Town Hall | 2 | 770 | / | 410 |
| Arcane Vault | 3 | 390 | / | 90 |
| Blacksmith | 1 | 140 | / | 60 |
| Barracks | 1 | 160 | / | 60 |
| Arcane Sanctum | 1 | 150 | / | 140 |
| Gryphon Aviary | 1 | 140 | / | 150 |
| Keep | 1 | 320 | / | 210 |
| Castle | 1 | 360 | / | 210 |
| total: | 362 | 13010g | / | 7940w |
| 0:03 | Peasant |
| 0:03 | Peasant |
| 0:07 | Altar of Kings |
| 0:12 | Farm |
| 0:16 | Peasant |
| 0:27 | Peasant |
| 0:49 | Peasant |
| 0:51 | Peasant |
| 1:06 | Peasant |
| 1:06 | Peasant |
| 1:17 | Farm |
| 1:19 | Scout Tower |
| 1:22 | Peasant |
| 1:22 | Peasant |
| 1:43 | Scout Tower |
| 1:46 | Arcane Tower |
| 1:48 | Lumber Mill |
| 1:58 | Peasant |
| 2:30 | Blizzard |
| 2:32 | Peasant |
| 2:35 | Arcane Tower |
| 2:37 | Scout Tower |
| 2:53 | Peasant |
| 2:53 | Peasant |
| 3:17 | Guard Tower |
| 3:20 | Scout Tower |
| 3:21 | Peasant |
| 3:22 | Peasant |
| 3:22 | Peasant |
| 3:23 | Farm |
| 3:57 | Guard Tower |
| 3:59 | Scout Tower |
| 4:00 | Peasant |
| 4:17 | Improved Masonry |
| 4:21 | Scout Tower |
| 4:21 | Scout Tower |
| 4:28 | Guard Tower |
| 4:29 | Scout Tower |
| 4:49 | Brilliance Aura |
| 5:11 | Town Hall |
| 5:13 | Scout Tower |
| 5:13 | Scout Tower |
| 5:15 | Scout Tower |
| 5:16 | Scout Tower |
| 5:18 | Scout Tower |
| 5:19 | Scout Tower |
| 5:26 | Guard Tower |
| 5:28 | Guard Tower |
| 5:33 | Peasant |
| 5:33 | Peasant |
| 5:33 | Peasant |
| 5:43 | Guard Tower |
| 5:44 | Arcane Tower |
| 5:58 | Guard Tower |
| 6:26 | Guard Tower |
| 6:41 | Boots of Speed |
| 6:41 | Staff of Teleportation |
| 7:19 | Keep |
| 7:21 | Scout Tower |
| 7:22 | Scout Tower |
| 7:22 | Scout Tower |
| 7:25 | Arcane Vault |
| 7:28 | Arcane Vault |
| 7:28 | Arcane Vault |
| 7:31 | Scout Tower |
| 7:32 | Scout Tower |
| 8:02 | Guard Tower |
| 8:05 | Scout Tower |
| 8:06 | Scout Tower |
| 8:07 | Scout Tower |
| 8:09 | Scout Tower |
| 8:09 | Scout Tower |
| 8:10 | Scout Tower |
| 8:11 | Scout Tower |
| 8:12 | Scout Tower |
| 8:12 | Scout Tower |
| 8:14 | Guard Tower |
| 8:21 | Scout Tower |
| 8:22 | Scout Tower |
| 8:23 | Scout Tower |
| 8:23 | Scout Tower |
| 8:25 | Guard Tower |
| 8:27 | Scout Tower |
| 8:46 | Arcane Tower |
| 9:06 | Guard Tower |
| 9:07 | Scout Tower |
| 9:11 | Guard Tower |
| 9:15 | Blizzard |
| 10:10 | Castle |
| 10:13 | Improved Lumber Harvesting |
| 10:13 | Advanced Masonry |
| 10:15 | Peasant |
| 10:15 | Peasant |
| 10:17 | Guard Tower |
| 10:36 | Arcane Sanctum |
| 10:41 | Peasant |
| 10:41 | Peasant |
| 10:45 | Guard Tower |
| 10:51 | Guard Tower |
| 10:54 | Guard Tower |
| 11:00 | Scout Tower |
| 11:01 | Scout Tower |
| 11:03 | Scout Tower |
| 11:08 | Guard Tower |
| 11:10 | Scout Tower |
| 11:21 | Guard Tower |
| 11:31 | Guard Tower |
| 11:33 | Guard Tower |
| 11:44 | Guard Tower |
| 11:46 | Scout Tower |
| 11:47 | Scout Tower |
| 12:00 | Magic Sentry |
| 12:09 | Guard Tower |
| 12:11 | Scout Tower |
| 12:12 | Scout Tower |
| 12:13 | Guard Tower |
| 12:14 | Scout Tower |
| 12:16 | Scout Tower |
| 12:16 | Scout Tower |
| 12:24 | Lesser Clarity Potion |
| 12:34 | Staff of Sanctuary |
| 12:39 | Farm |
| 12:43 | Advanced Lumber Harvesting |
| 12:43 | Imbued Masonry |
| 12:45 | Guard Tower |
| 12:47 | Scout Tower |
| 12:48 | Scout Tower |
| 12:48 | Scout Tower |
| 12:50 | Guard Tower |
| 12:52 | Guard Tower |
| 12:53 | Scout Tower |
| 12:54 | Scout Tower |
| 12:55 | Scout Tower |
| 12:55 | Scout Tower |
| 12:59 | Storm Bolt |
| 13:13 | Guard Tower |
| 13:19 | Scout Tower |
| 13:20 | Scout Tower |
| 13:21 | Scout Tower |
| 13:21 | Scout Tower |
| 13:22 | Scout Tower |
| 13:22 | Scout Tower |
| 13:24 | Staff of Teleportation |
| 13:24 | Boots of Speed |
| 13:24 | Circlet of Nobility |
| 13:28 | Orb of Corruption |
| 13:31 | Orb of Corruption |
| 13:44 | Guard Tower |
| 13:46 | Scout Tower |
| 13:47 | Scout Tower |
| 13:47 | Scout Tower |
| 13:47 | Scout Tower |
| 13:49 | Guard Tower |
| 13:50 | Guard Tower |
| 13:51 | Scout Tower |
| 13:52 | Scout Tower |
| 13:52 | Scout Tower |
| 13:53 | Scout Tower |
| 13:54 | Scout Tower |
| 13:54 | Scout Tower |
| 14:03 | Gryphon Aviary |
| 14:04 | Blacksmith |
| 14:06 | Barracks |
| 14:10 | Guard Tower |
| 14:13 | Scout Tower |
| 14:14 | Scout Tower |
| 14:16 | Farm |
| 14:17 | Scout Tower |
| 14:18 | Scout Tower |
| 14:26 | Guard Tower |
| 14:31 | Guard Tower |
| 14:36 | Scout Tower |
| 14:37 | Scout Tower |
| 14:37 | Scout Tower |
| 14:38 | Scout Tower |
| 14:38 | Scout Tower |
| 14:39 | Scout Tower |
| 14:44 | Scout Tower |
| 14:45 | Scout Tower |
| 14:46 | Scout Tower |
| 14:46 | Scout Tower |
| 14:47 | Scout Tower |
| 14:50 | Arcane Tower |
| 14:59 | Holy Light |
| 15:04 | Arcane Tower |
| 15:07 | Guard Tower |
| 15:09 | Scout Tower |
| 15:10 | Scout Tower |
| 15:16 | Guard Tower |
| 15:21 | Guard Tower |
| 15:27 | Dragonhawk Rider |
| 15:27 | Dragonhawk Rider |
| 15:30 | Studded Leather Armor |
| 15:33 | Animal War Training |
| 15:44 | Staff of Sanctuary |
| 16:01 | Orb of Corruption |
| 16:36 | Circlet of Nobility |
| 16:36 | Boots of Speed |
| 16:37 | Staff of Teleportation |
| 16:39 | Periapt of Vitality |
| 16:42 | Guard Tower |
| 16:50 | Guard Tower |
| 16:51 | Guard Tower |
| 16:53 | Guard Tower |
| 16:55 | Scout Tower |
| 16:56 | Scout Tower |
| 16:57 | Scout Tower |
| 16:57 | Scout Tower |
| 16:58 | Scout Tower |
| 16:58 | Scout Tower |
| 17:06 | Guard Tower |
| 17:09 | Scout Tower |
| 17:10 | Scout Tower |
| 17:10 | Scout Tower |
| 17:36 | Guard Tower |
| 17:42 | Scout Tower |
| 17:43 | Scout Tower |
| 17:43 | Scout Tower |
| 17:44 | Scout Tower |
| 17:46 | Scout Tower |
| 17:47 | Scout Tower |
| 17:47 | Scout Tower |
| 17:48 | Scout Tower |
| 17:54 | Staff of Sanctuary |
| 18:00 | Town Hall |
| 18:20 | Guard Tower |
| 18:22 | Scout Tower |
| 18:23 | Scout Tower |
| 18:23 | Scout Tower |
| 18:23 | Scout Tower |
| 18:24 | Scout Tower |
| 18:25 | Scout Tower |
| 18:25 | Scout Tower |
| 18:26 | Scout Tower |
| 18:26 | Scout Tower |
| 18:27 | Scout Tower |
| 18:27 | Scout Tower |
| 18:29 | Guard Tower |
| 19:08 | Guard Tower |
| 19:11 | Scout Tower |
| 19:12 | Scout Tower |
| 19:13 | Scout Tower |
| 19:14 | Scout Tower |
| 19:23 | Scout Tower |
| 19:24 | Scout Tower |
| 19:24 | Scout Tower |
| 19:24 | Scout Tower |
| 19:25 | Scout Tower |
| 19:27 | Guard Tower |
| 19:29 | Guard Tower |
| 19:32 | Scout Tower |
| 19:33 | Scout Tower |
| 19:33 | Scout Tower |
| 19:33 | Scout Tower |
| 19:36 | Scout Tower |
| 19:36 | Scout Tower |
| 19:37 | Scout Tower |
| 19:38 | Guard Tower |
| 19:40 | Scout Tower |
| 19:40 | Scout Tower |
| 19:41 | Scout Tower |
| 19:42 | Scout Tower |
| 19:42 | Scout Tower |
| 19:43 | Scout Tower |
| 19:43 | Scout Tower |
| 19:53 | Guard Tower |
| 19:57 | Scout Tower |
| 19:58 | Scout Tower |
| 19:58 | Scout Tower |
| 20:00 | Scout Tower |
| 20:01 | Scout Tower |
| 20:02 | Scout Tower |
| 20:06 | Scout Tower |
| 20:07 | Scout Tower |
| 20:08 | Scout Tower |
| 20:10 | Guard Tower |
| 20:22 | Guard Tower |
| 20:38 | Reinforced Leather Armor |
| 20:40 | Guard Tower |
| 20:50 | Scout Tower |
| 20:51 | Scout Tower |
| 20:51 | Scout Tower |
| 20:52 | Scout Tower |
| 20:52 | Scout Tower |
| 20:54 | Scout Tower |
| 20:55 | Scout Tower |
| 20:55 | Scout Tower |
| 20:58 | Guard Tower |
| 21:00 | Guard Tower |
| 21:01 | Guard Tower |
| 21:04 | Guard Tower |
| 21:08 | Scout Tower |
| 21:09 | Scout Tower |
| 21:09 | Scout Tower |
| 21:14 | Scout Tower |
| 21:15 | Scout Tower |
| 21:15 | Scout Tower |
| 21:16 | Scout Tower |
| 21:19 | Guard Tower |
| 22:41 | Guard Tower |
| 22:48 | Scout Tower |
| 22:48 | Scout Tower |
| 22:49 | Scout Tower |
| 22:49 | Scout Tower |
| 22:51 | Guard Tower |
| 22:53 | Guard Tower |
| 22:55 | Scout Tower |
| 22:56 | Scout Tower |
| 22:56 | Scout Tower |
| 22:57 | Scout Tower |
| 23:03 | Scout Tower |
| 23:03 | Scout Tower |
| 23:04 | Scout Tower |
| 23:04 | Scout Tower |
| 23:18 | Guard Tower |
| 23:22 | Scout Tower |
| 23:23 | Guard Tower |
| 23:25 | Guard Tower |
| 24:04 | Guard Tower |
| 24:11 | Scout Tower |
| 24:11 | Scout Tower |
| 24:12 | Scout Tower |
| 24:13 | Scout Tower |
| 24:16 | Guard Tower |
| 24:48 | Guard Tower |
| 24:53 | Scout Tower |
| 24:54 | Scout Tower |
| 24:54 | Scout Tower |
| 24:59 | Scout Tower |
| 25:00 | Scout Tower |
| 25:01 | Scout Tower |
| 25:02 | Scout Tower |
| 25:05 | Scout Tower |
| 25:06 | Scout Tower |
| 25:08 | Guard Tower |
| 25:44 | Guard Tower |
| 26:02 | Guard Tower |
| 26:06 | Guard Tower |
| 26:15 | Guard Tower |
| 26:35 | Guard Tower |
| 26:50 | Brilliance Aura |
| 26:58 | Guard Tower |
| 27:00 | Scout Tower |
| 27:01 | Scout Tower |
| 27:01 | Scout Tower |
| 27:01 | Scout Tower |
| 27:09 | Divine Shield |
| 27:12 | Thunder Clap |
| 28:19 | Scout Tower |
| 28:19 | Scout Tower |
| 28:20 | Scout Tower |
| 28:20 | Scout Tower |
| 28:37 | Potion of Healing |
| 28:39 | Scroll of Regeneration |
| 28:59 | Dragonhide Armor |
| 29:00 | Iron Forged Swords |
| 29:05 | Scout Tower |
| 29:05 | Scout Tower |
| 29:06 | Scout Tower |
| 29:07 | Scout Tower |
| 29:08 | Scout Tower |
| 29:10 | Scout Tower |
| 29:11 | Scout Tower |
| 29:12 | Scout Tower |
| 29:13 | Scout Tower |
| 29:14 | Scout Tower |
| 29:14 | Scout Tower |
| 29:42 | Scout Tower |
| 29:43 | Scout Tower |
| 29:44 | Scout Tower |
| 29:50 | Scout Tower |
| 29:50 | Scout Tower |
| 29:51 | Scout Tower |
| 29:52 | Scout Tower |
| 29:53 | Scout Tower |
| 29:54 | Scout Tower |
| 29:54 | Scout Tower |
| 29:54 | Scout Tower |
| 29:55 | Scout Tower |
| 29:56 | Scout Tower |
| 29:57 | Scout Tower |
| 29:58 | Scout Tower |
| 29:59 | Scout Tower |
| 30:03 | Scout Tower |
| 30:31 | Guard Tower |
| 30:36 | Scout Tower |
| 30:36 | Scout Tower |
| 30:40 | Scout Tower |
| 30:41 | Scout Tower |
| 30:41 | Scout Tower |
| 30:42 | Scout Tower |
| 30:55 | Guard Tower |
| 31:01 | Scout Tower |
| 31:02 | Scout Tower |
| 31:02 | Scout Tower |
| 31:03 | Scout Tower |
| 31:04 | Scout Tower |
| 31:04 | Scout Tower |
| 31:05 | Scout Tower |
| 31:07 | Guard Tower |
| 31:09 | Scout Tower |
| 31:10 | Scout Tower |
| 31:10 | Scout Tower |
| 31:12 | Guard Tower |
| 31:14 | Guard Tower |
| 31:27 | Guard Tower |
| 31:29 | Scout Tower |
| 31:30 | Scout Tower |
| 31:30 | Scout Tower |
| 31:33 | Guard Tower |
| 31:34 | Guard Tower |
| 31:49 | Scout Tower |
| 31:50 | Scout Tower |
| 31:51 | Scout Tower |
| 31:51 | Scout Tower |
| 31:52 | Scout Tower |
| 31:59 | Scout Tower |
| 32:00 | Scout Tower |
| 32:00 | Scout Tower |
| 32:01 | Scout Tower |
| 32:08 | Scout Tower |
| 32:08 | Scout Tower |
| 32:09 | Scout Tower |
| 32:10 | Scout Tower |
| 32:21 | Guard Tower |
| 32:39 | Guard Tower |
| 32:43 | Scout Tower |
| 32:44 | Scout Tower |
| 32:45 | Scout Tower |
| 32:45 | Scout Tower |
| 32:46 | Scout Tower |
| 32:47 | Scout Tower |
| 32:48 | Scout Tower |
| 32:48 | Scout Tower |
| 32:48 | Scout Tower |
| 32:54 | Guard Tower |
| 32:56 | Scout Tower |
| 32:57 | Scout Tower |
| 32:57 | Scout Tower |
| 33:01 | Scout Tower |
| 33:01 | Scout Tower |
| 33:02 | Scout Tower |
| 33:05 | Guard Tower |
| 33:15 | Guard Tower |
| 33:17 | Scout Tower |
| 33:17 | Scout Tower |
| 33:19 | Scout Tower |
| 33:20 | Scout Tower |
| 33:21 | Scout Tower |
| 33:23 | Guard Tower |
| 33:30 | Guard Tower |
| 33:34 | Guard Tower |
| 33:59 | Guard Tower |
| 34:01 | Scout Tower |
| 34:02 | Scout Tower |
| 34:02 | Scout Tower |
| 34:03 | Scout Tower |
| 34:05 | Guard Tower |
| 34:07 | Scout Tower |
| 34:08 | Scout Tower |
| 34:08 | Scout Tower |
| 34:09 | Scout Tower |
| 34:13 | Guard Tower |
| 34:21 | Guard Tower |
| 34:26 | Guard Tower |
| 34:29 | Scout Tower |
| 34:30 | Scout Tower |
| 34:31 | Scout Tower |
| 34:31 | Scout Tower |
| 34:38 | Guard Tower |
| 34:43 | Guard Tower |
| 35:05 | Guard Tower |
| 35:06 | Guard Tower |
| 35:09 | Scout Tower |
| 35:09 | Scout Tower |
| 35:10 | Scout Tower |
| 35:10 | Scout Tower |
| 35:13 | Priest Adept Training |
| 35:16 | Steel Forged Swords |
| 35:18 | Guard Tower |
| 35:19 | Scout Tower |
| 35:20 | Scout Tower |
| 35:21 | Scout Tower |
| 35:21 | Scout Tower |
| 35:22 | Scout Tower |
| 35:23 | Scout Tower |
| 35:25 | Guard Tower |
| 35:26 | Scout Tower |
| 35:28 | Scout Tower |
| 35:29 | Scout Tower |
| 35:30 | Scout Tower |
| 35:30 | Scout Tower |
| 35:31 | Scout Tower |
| 35:38 | Guard Tower |
| 35:47 | Guard Tower |
| 35:48 | Scout Tower |
| 35:48 | Scout Tower |
| 35:49 | Scout Tower |
| 35:49 | Scout Tower |
| 36:00 | Guard Tower |
| 36:01 | Guard Tower |
| 36:19 | Guard Tower |
| 36:23 | Guard Tower |
| 36:26 | Guard Tower |
| 36:27 | Scout Tower |
| 36:28 | Scout Tower |
| 36:28 | Scout Tower |
| 36:29 | Scout Tower |
| 36:30 | Guard Tower |
| 36:32 | Scout Tower |
| 36:33 | Scout Tower |
| 36:33 | Scout Tower |
| 36:33 | Scout Tower |
| 36:34 | Scout Tower |
| 36:34 | Scout Tower |
| 36:35 | Scout Tower |
| 36:35 | Scout Tower |
| 36:41 | Guard Tower |
| 36:48 | Guard Tower |
| 36:56 | Guard Tower |
| 36:57 | Scout Tower |
| 36:58 | Scout Tower |
| 36:59 | Scout Tower |
| 36:59 | Scout Tower |
| 37:00 | Scout Tower |
| 37:01 | Scout Tower |
| 37:26 | Guard Tower |
| 37:30 | Guard Tower |
| 37:33 | Guard Tower |
| 37:36 | Scout Tower |
| 37:37 | Scout Tower |
| 37:39 | Scout Tower |
| 37:43 | Guard Tower |
| 37:44 | Scout Tower |
| 37:45 | Scout Tower |
| 37:46 | Scout Tower |
| 37:47 | Scout Tower |
| 38:03 | Arcane Tower |
| 38:09 | Mithril Forged Swords |
| 38:11 | Guard Tower |
| 38:14 | Scout Tower |
| 38:14 | Scout Tower |
| 38:15 | Scout Tower |
| 38:15 | Scout Tower |
| 38:17 | Lumber Mill |
| 38:22 | Scout Tower |
| 38:22 | Scout Tower |
| 38:23 | Scout Tower |
| 38:24 | Scout Tower |
| 38:24 | Scout Tower |
| 38:24 | Scout Tower |
| 38:25 | Scout Tower |
| 38:26 | Scout Tower |
| 38:27 | Scout Tower |
| 38:28 | Guard Tower |
| 38:30 | Guard Tower |
| 38:47 | Guard Tower |
| 38:56 | Guard Tower |
| 39:03 | Lumber Mill |
| 39:06 | Guard Tower |
| 39:08 | Arcane Tower |
| 39:48 | Guard Tower |
| 40:40 | Guard Tower |
| 41:42 | Guard Tower |
| 41:49 | Storm Bolt |
| 41:50 | Holy Light |
| 42:23 | Cloud |
| 46:14 | Devotion Aura |
| 47:10 | Thunder Clap |
| Right click | 3634 |
| Select group | 2607 |
| Select | 689 |
| Build/train/purchase | 295 |
| Chat | 251 |
| Use ability | 163 |
| Misc. action | 66 |
| Minimap ping | 64 |
| Assign group | 15 |
| Resource trade | 12 |
| Item give/drop | 6 |
| Esc | 3 |
190 units @ 29.1k
/ 4.6k
77 buildings @ 12.1k
/ 5.8k


| Scroll of Regeneration | 2 | 200 |
| total: | 2 | 200g |
| Peasant | 11 | 825 | / | 0 |
| Footman | 8 | 1080 | / | 0 |
| Knight | 9 | 2205 | / | 540 |
| Dragonhawk Rider | 22 | 4400 | / | 660 |
| Priest | 6 | 810 | / | 60 |
| Siege Engine | 9 | 1755 | / | 540 |
| total: | 65 | 11075g | / | 1800w |
| Scout Tower | 4 | 120 | / | 80 |
| Guard Tower | 1 | 70 | / | 50 |
| Altar of Kings | 1 | 180 | / | 50 |
| Barracks | 2 | 320 | / | 120 |
| Farm | 15 | 1200 | / | 300 |
| Arcane Vault | 1 | 130 | / | 30 |
| Town Hall | 1 | 385 | / | 205 |
| Lumber Mill | 1 | 120 | / | 0 |
| Blacksmith | 1 | 140 | / | 60 |
| Arcane Sanctum | 1 | 150 | / | 140 |
| Gryphon Aviary | 3 | 420 | / | 450 |
| Workshop | 3 | 420 | / | 420 |
| Keep | 1 | 320 | / | 210 |
| Castle | 1 | 360 | / | 210 |
| total: | 33 | 3585g | / | 1855w |
| 0:05 | Peasant |
| 0:05 | Peasant |
| 0:05 | Peasant |
| 0:10 | Altar of Kings |
| 0:23 | Barracks |
| 0:37 | Farm |
| 0:45 | Peasant |
| 0:52 | Farm |
| 0:57 | Peasant |
| 1:30 | Peasant |
| 1:33 | Footman |
| 1:36 | Footman |
| 1:45 | Farm |
| 1:52 | Arcane Vault |
| 2:04 | Peasant |
| 2:14 | Footman |
| 2:23 | Summon Water Elemental |
| 2:34 | Footman |
| 2:46 | Peasant |
| 2:55 | Footman |
| 3:04 | Footman |
| 3:31 | Keep |
| 3:43 | Brilliance Aura |
| 4:53 | Footman |
| 5:12 | Town Hall |
| 5:15 | Scout Tower |
| 5:16 | Scout Tower |
| 5:18 | Scout Tower |
| 5:19 | Scout Tower |
| 5:28 | Lumber Mill |
| 5:32 | Farm |
| 5:34 | Farm |
| 5:38 | Farm |
| 5:39 | Farm |
| 6:13 | Castle |
| 6:41 | Summon Water Elemental |
| 7:13 | Footman |
| 7:25 | Holy Light |
| 7:29 | Guard Tower |
| 7:44 | Blacksmith |
| 7:58 | Peasant |
| 7:58 | Peasant |
| 7:58 | Peasant |
| 8:02 | Scroll of Regeneration |
| 8:03 | Scroll of Regeneration |
| 8:29 | Barracks |
| 8:32 | Improved Lumber Harvesting |
| 9:15 | Knight |
| 10:17 | Knight |
| 10:23 | Arcane Sanctum |
| 10:26 | Advanced Lumber Harvesting |
| 10:28 | Iron Plating |
| 11:02 | Improved Masonry |
| 11:09 | Knight |
| 11:37 | Gryphon Aviary |
| 12:24 | Priest Adept Training |
| 12:26 | Knight |
| 12:29 | Farm |
| 12:30 | Farm |
| 12:34 | Farm |
| 13:16 | Cloud |
| 13:53 | Dragonhawk Rider |
| 13:53 | Dragonhawk Rider |
| 13:57 | Farm |
| 14:28 | Dragonhawk Rider |
| 14:33 | Priest Master Training |
| 15:18 | Priest |
| 15:19 | Priest |
| 15:25 | Dragonhawk Rider |
| 15:25 | Dragonhawk Rider |
| 16:44 | Dragonhawk Rider |
| 16:44 | Dragonhawk Rider |
| 16:44 | Dragonhawk Rider |
| 16:49 | Priest |
| 16:51 | Steel Plating |
| 17:04 | Brilliance Aura |
| 17:07 | Divine Shield |
| 17:52 | Dragonhawk Rider |
| 17:56 | Gryphon Aviary |
| 18:59 | Knight |
| 19:00 | Knight |
| 19:00 | Knight |
| 19:02 | Priest |
| 19:26 | Dragonhawk Rider |
| 19:27 | Dragonhawk Rider |
| 19:39 | Gryphon Aviary |
| 20:28 | Dragonhawk Rider |
| 20:28 | Dragonhawk Rider |
| 21:16 | Mithril Plating |
| 21:17 | Iron Forged Swords |
| 22:42 | Dragonhawk Rider |
| 22:45 | Knight |
| 22:47 | Priest |
| 22:47 | Priest |
| 24:03 | Knight |
| 24:07 | Dragonhawk Rider |
| 24:07 | Dragonhawk Rider |
| 24:32 | Steel Forged Swords |
| 24:37 | Dragonhawk Rider |
| 24:38 | Farm |
| 24:39 | Farm |
| 25:13 | Summon Water Elemental |
| 25:23 | Divine Shield |
| 26:34 | Dragonhawk Rider |
| 26:34 | Dragonhawk Rider |
| 27:21 | Dragonhawk Rider |
| 28:57 | Dragonhawk Rider |
| 29:00 | Workshop |
| 29:03 | Workshop |
| 30:48 | Siege Engine |
| 30:49 | Barrage |
| 31:48 | Siege Engine |
| 32:27 | Siege Engine |
| 32:54 | Workshop |
| 33:00 | Siege Engine |
| 33:05 | Black Gunpowder |
| 33:57 | Siege Engine |
| 34:31 | Refined Gunpowder |
| 34:36 | Siege Engine |
| 35:12 | Siege Engine |
| 35:55 | Imbued Gunpowder |
| 36:04 | Farm |
| 36:05 | Farm |
| 36:47 | Siege Engine |
| 37:37 | Siege Engine |
| 37:49 | Dragonhawk Rider |
| 39:45 | Devotion Aura |
| Right click | 1326 |
| Select group | 908 |
| Select | 655 |
| Assign group | 191 |
| Build/train/purchase | 139 |
| Use ability | 55 |
| Minimap ping | 19 |
| Chat | 8 |
| Resource trade | 4 |
| Remove unit | 2 |

x1)
| Healing Salve | 2 | 200 |
| Scroll of Speed | 2 | 100 |
| Lesser Clarity Potion | 2 | 140 |
| Potion of Healing | 1 | 150 |
| Potion of Lesser Invulnerability | 1 | 150 |
| Tome of Retraining | 1 | 300 |
| Orb of Venom | 1 | 325 |
| total: | 10 | 1365g |
| Peon | 13 | 975 | / | 0 |
| Troll Headhunter | 11 | 1540 | / | 220 |
| Troll Berserker | 2 | 280 | / | 40 |
| Demolisher | 6 | 1320 | / | 300 |
| Shaman | 3 | 390 | / | 60 |
| Troll Batrider | 15 | 2400 | / | 600 |
| Troll Witch Doctor | 4 | 580 | / | 100 |
| Wisp | 2 | 120 | / | 0 |
| total: | 56 | 7605g | / | 1320w |
| Altar of Storms | 1 | 180 | / | 50 |
| Orc Burrow | 9 | 1440 | / | 360 |
| War Mill | 1 | 205 | / | 0 |
| Barracks | 2 | 360 | / | 100 |
| Voodoo Lounge | 1 | 130 | / | 30 |
| Great Hall | 4 | 1540 | / | 740 |
| Spirit Lodge | 1 | 150 | / | 150 |
| Beastiary | 3 | 435 | / | 420 |
| Stronghold | 1 | 315 | / | 190 |
| Fortress | 1 | 325 | / | 190 |
| total: | 22 | 4440g | / | 1850w |
| 0:02 | Peon |
| 0:02 | Peon |
| 0:02 | Peon |
| 0:09 | Altar of Storms |
| 0:19 | Orc Burrow |
| 0:26 | Peon |
| 1:06 | War Mill |
| 1:11 | Barracks |
| 1:12 | Peon |
| 1:19 | Peon |
| 1:41 | Barracks |
| 1:56 | Orc Burrow |
| 2:22 | Troll Headhunter |
| 2:24 | War Stomp |
| 2:29 | Troll Headhunter |
| 2:39 | Voodoo Lounge |
| 2:50 | Troll Headhunter |
| 3:00 | Troll Headhunter |
| 3:14 | Troll Headhunter |
| 3:27 | Troll Headhunter |
| 3:57 | Stronghold |
| 4:09 | Endurance Aura |
| 4:12 | Troll Headhunter |
| 4:18 | Healing Salve |
| 4:21 | Scroll of Speed |
| 4:32 | Steel Ranged Weapons |
| 5:01 | Orc Burrow |
| 5:18 | Orc Burrow |
| 5:25 | Lesser Clarity Potion |
| 5:25 | Lesser Clarity Potion |
| 5:28 | Healing Salve |
| 6:07 | Troll Headhunter |
| 6:28 | War Stomp |
| 7:02 | Troll Headhunter |
| 7:04 | Fortress |
| 7:18 | Spirit Lodge |
| 7:34 | Scroll of Speed |
| 7:41 | Troll Headhunter |
| 8:11 | Great Hall |
| 8:13 | Great Hall |
| 8:45 | Troll Headhunter |
| 9:14 | Potion of Lesser Invulnerability |
| 9:37 | Endurance Aura |
| 9:39 | Berserker Upgrade |
| 9:47 | Shaman Adept Training |
| 9:48 | Peon |
| 9:49 | Peon |
| 9:49 | Peon |
| 10:20 | Troll Regeneration |
| 10:29 | Orc Burrow |
| 10:56 | Troll Berserker |
| 11:17 | Burning Oil |
| 11:56 | Demolisher |
| 12:18 | War Stomp |
| 12:19 | Demolisher |
| 12:32 | Peon |
| 12:32 | Peon |
| 12:32 | Peon |
| 12:32 | Peon |
| 12:39 | Shaman Master Training |
| 12:40 | Shaman |
| 12:58 | Thorium Ranged Weapons |
| 14:27 | Reinforced Defenses |
| 14:30 | Shaman |
| 15:22 | Demolisher |
| 15:23 | Troll Berserker |
| 15:31 | Orc Burrow |
| 16:52 | Orc Burrow |
| 16:53 | Demolisher |
| 16:55 | Shaman |
| 17:48 | Witch Doctor Adept Training |
| 17:51 | Beastiary |
| 17:55 | Beastiary |
| 19:17 | Troll Batrider |
| 19:17 | Troll Batrider |
| 19:17 | Troll Batrider |
| 19:20 | Beastiary |
| 20:51 | Troll Batrider |
| 22:50 | Troll Batrider |
| 23:35 | Reincarnation |
| 24:24 | Demolisher |
| 24:58 | Troll Batrider |
| 25:48 | Arcanite Ranged Weapons |
| 25:49 | Steel Armor |
| 27:09 | Troll Batrider |
| 29:06 | Thorium Armor |
| 29:12 | Witch Doctor Master Training |
| 29:14 | Troll Witch Doctor |
| 29:14 | Troll Witch Doctor |
| 29:18 | Shockwave |
| 29:38 | Tome of Retraining |
| 29:38 | Retrain Hero |
| 29:41 | Reincarnation |
| 29:42 | Shockwave |
| 29:42 | Shockwave |
| 29:43 | Endurance Aura |
| 29:43 | Endurance Aura |
| 29:44 | Endurance Aura |
| 30:58 | Troll Batrider |
| 30:58 | Troll Batrider |
| 31:21 | Troll Batrider |
| 31:41 | Orb of Venom |
| 32:23 | Troll Batrider |
| 33:10 | Liquid Fire |
| 33:11 | Troll Batrider |
| 33:14 | Troll Witch Doctor |
| 33:14 | Troll Witch Doctor |
| 34:22 | Troll Batrider |
| 36:39 | Demolisher |
| 38:27 | Arcanite Armor |
| 43:18 | Troll Batrider |
| 43:38 | Troll Batrider |
| 43:42 | Orc Burrow |
| 43:44 | Orc Burrow |
| 44:01 | Potion of Healing |
| 47:19 | Great Hall |
| 48:00 | Great Hall |
| 48:06 | Spiked Barricades |
| 48:31 | Wisp |
| 48:31 | Wisp |
| Right click | 2066 |
| Select group | 1549 |
| Select | 879 |
| Assign group | 162 |
| Build/train/purchase | 130 |
| Use ability | 50 |
| Chat | 47 |
| Minimap ping | 19 |
| Resource trade | 18 |
| Misc. action | 9 |
| Item give/drop | 5 |


| Potion of Healing | 1 | 150 |
| Scroll of Town Portal | 3 | 1050 |
| Boots of Speed | 1 | 250 |
| total: | 5 | 1450g |
| Wisp | 35 | 2100 | / | 0 |
| Archer | 6 | 780 | / | 60 |
| Chimaera | 18 | 5940 | / | 1260 |
| Hippogryph | 9 | 1440 | / | 180 |
| Forest Troll Shadow Priest | 1 | 195 | / | 10 |
| total: | 69 | 10455g | / | 1510w |
| Ancient Protector | 3 | 405 | / | 240 |
| Altar of Elders | 1 | 180 | / | 50 |
| Moon Well | 8 | 1440 | / | 320 |
| Ancient of War | 1 | 150 | / | 60 |
| Hunter's Hall | 1 | 210 | / | 100 |
| Tree of Life | 3 | 1020 | / | 555 |
| Ancient of Wonders | 1 | 90 | / | 30 |
| Ancient of Wind | 1 | 150 | / | 140 |
| Chimaera Roost | 3 | 420 | / | 570 |
| Tree of Ages | 1 | 320 | / | 180 |
| Tree of Eternity | 1 | 330 | / | 200 |
| total: | 22 | 4065g | / | 2065w |
| 0:03 | Wisp |
| 0:03 | Wisp |
| 0:04 | Wisp |
| 0:15 | Altar of Elders |
| 0:19 | Moon Well |
| 0:33 | Ancient of War |
| 0:40 | Wisp |
| 0:41 | Wisp |
| 0:57 | Wisp |
| 1:08 | Wisp |
| 1:27 | Moon Well |
| 1:34 | Archer |
| 1:44 | Archer |
| 1:58 | Archer |
| 2:14 | Entangling Roots |
| 2:20 | Wisp |
| 2:21 | Wisp |
| 2:27 | Moon Well |
| 2:41 | Archer |
| 2:54 | Archer |
| 3:06 | Archer |
| 3:34 | Tree of Ages |
| 3:51 | Thorns Aura |
| 4:05 | Hunter's Hall |
| 4:54 | Tree of Life |
| 5:13 | Moon Well |
| 5:14 | Moon Well |
| 5:44 | Ancient of Wonders |
| 5:56 | Wisp |
| 5:57 | Wisp |
| 6:00 | Tree of Eternity |
| 7:07 | Ancient of Wind |
| 7:20 | Wisp |
| 7:20 | Wisp |
| 7:20 | Wisp |
| 7:21 | Wisp |
| 7:21 | Wisp |
| 7:29 | Ancient Protector |
| 7:34 | Ancient Protector |
| 7:35 | Ancient Protector |
| 7:40 | Wisp |
| 7:40 | Wisp |
| 7:41 | Wisp |
| 7:48 | Strength of the Wild |
| 8:28 | Wisp |
| 8:28 | Wisp |
| 8:44 | Wisp |
| 8:45 | Wisp |
| 8:55 | Chimaera Roost |
| 9:23 | Wisp |
| 9:23 | Wisp |
| 9:23 | Wisp |
| 9:39 | Chimaera Roost |
| 9:45 | Trueshot Aura |
| 9:59 | Boots of Speed |
| 10:14 | Entangling Roots |
| 10:20 | Chimaera Roost |
| 10:23 | Wisp |
| 10:23 | Wisp |
| 10:26 | Moon Well |
| 10:27 | Moon Well |
| 10:53 | Chimaera |
| 11:13 | Corrosive Breath |
| 11:36 | Improved Strength of the Wild |
| 12:04 | Chimaera |
| 12:23 | Moon Well |
| 13:05 | Chimaera |
| 13:07 | Chimaera |
| 13:33 | Advanced Strength of the Wild |
| 14:00 | Chimaera |
| 15:05 | Chimaera |
| 15:25 | Chimaera |
| 15:29 | Reinforced Hides |
| 16:44 | Scroll of Town Portal |
| 16:45 | Potion of Healing |
| 17:30 | Scout |
| 17:40 | Chimaera |
| 17:41 | Chimaera |
| 19:00 | Chimaera |
| 19:12 | Thorns Aura |
| 19:36 | Tree of Life |
| 19:50 | Hippogryph |
| 19:50 | Hippogryph |
| 20:56 | Chimaera |
| 21:44 | Trueshot Aura |
| 22:07 | Chimaera |
| 22:34 | Wisp |
| 22:34 | Wisp |
| 22:35 | Wisp |
| 22:35 | Wisp |
| 22:35 | Wisp |
| 23:32 | Chimaera |
| 25:00 | Chimaera |
| 25:28 | Entangling Roots |
| 25:31 | Scout |
| 26:13 | Forest Troll Shadow Priest |
| 27:46 | Chimaera |
| 28:42 | Chimaera |
| 29:10 | Improved Reinforced Hides |
| 30:43 | Hippogryph |
| 31:05 | Hippogryph |
| 31:05 | Hippogryph |
| 31:42 | Hippogryph |
| 31:42 | Hippogryph |
| 31:47 | Wisp |
| 31:47 | Wisp |
| 31:53 | Tree of Life |
| 32:10 | Trueshot Aura |
| 32:45 | Scroll of Town Portal |
| 36:23 | Chimaera |
| 37:31 | Hippogryph |
| 37:32 | Hippogryph |
| 38:46 | Tranquility |
| 40:54 | Chimaera |
| 42:13 | Scroll of Town Portal |
| Right click | 2591 |
| Select group | 1599 |
| Select | 489 |
| Build/train/purchase | 102 |
| Assign group | 71 |
| Use ability | 65 |
| Minimap ping | 7 |
| Resource trade | 5 |
| Remove unit | 2 |
| Item give/drop | 1 |
⇛